cohdb
Replays
Latest Replays
All Replays
Popular Replays
Top Player Replays
Match Explorer
How It Works
Community
CoH3 Stats
Reddit
Sign in to upload your games and track your stats! →
Sign in with Steam
Match 41546902
Unlisted
Match 41546902
Overview
Messages
Build Orders
End
Construct Barracks
Selects Heavy Weapons
Riflemen Squad
Riflemen Squad
Construct Weapon Support Center
M1919 Machine Gun Team
Selects M2HB .50cal Heavy Machine Gun
Grenade Package
Riflemen Squad
Infantry Support Center
Selects Assault Carriers
M1918 Browning Automatic Rifles
Munitions Surplus
Demolitions Package
M3 Assault Carrier
Construct Motor Pool
Selects Halftrack Strongpoints
Engineer Squad
M1 Anti-tank Gun Team
Advanced Logistics
Survival Training
M1919 Machine Gun Team
Riflemen Squad
M1 Anti-tank Gun Team
Selects M26 Pershing Heavy Tank
M26 Pershing Heavy Tank
Engineer Squad
Engineer Squad
Selects Gallant Stand
Engineer Squad
PlammX
quangdung.tr0809
jhc0928d
ColdDown
Dave
Desert Fox
0
0
Comments
sign in to comment!
No comments posted yet!